Match 35234269
Unlisted

Match 35234269
End
Kradschützen Motorcycle Team
Panzergrenadier Squad
Construct Light Support Kompanie
Selects Italian Infantry
MG34 Team
Construct Mechanized Kompanie
Panzergrenadier Squad
Support Armor Elements
StuG III D Assault Gun
Selects Defensive Operations
Nefertiti
Sanyi Jap. (GR)
daidaroszoo
LittleRocketMan
Big Ham (DFC)
Crenade(Cana)
Reecever
撒旦代言人
0
0

Comments sign in to comment!

No comments posted yet!